 Dungeon Crawl Stone Soup version 0.21.1-1-g345015fe64 (webtiles) character file.

125 Tippip the Chopper (level 4, -1/41 HPs)
             Began as a Minotaur Berserker on June 2, 2018.
             Was a Believer of Trog.
             Slain by Grinder (5 damage)
             ... on level 3 of the Dungeon.
             The game lasted 00:05:38 (1754 turns).

Tippip the Chopper (Minotaur Berserker)             Turns: 1754, Time: 00:05:39

Health: -1/41      AC:  7    Str: 22    XL:     4   Next: 82%
Magic:  3/3        EV: 12    Int:  4    God:    Trog [**....]
Gold:   49         SH:  0    Dex: 10    Spells: 3/3 levels left

rFire    . . .     SeeInvis .   a - +0 hand axe
rCold    . . .     Gourm    .   (no shield)
rNeg     . . .     Faith    .   m - +0 ring mail
rPois    .         Spirit   .   (helmet restricted)
rElec    .         Reflect  .   (no cloak)
rCorr    .         Harm     .   (no gloves)
MR       ++...                  f - +1 pair of boots
Stlth    +.........             (no amulet)
HPRegen  1.13/turn              (no ring)
MPRegen  0.08/turn              (no ring)

@: regenerating
A: retaliatory headbutt, horns 2
a: Berserk, Trog's Hand, Burn Spellbooks, Renounce Religion


You were on level 3 of the Dungeon.
You worshipped Trog.
Trog was pleased with you.
You were hungry.

You visited 1 branch of the dungeon, and saw 3 of its levels.

You collected 49 gold pieces.

Inventory:

Hand Weapons
 a - a +0 hand axe (weapon)
Armour
 f - a +1 pair of boots (worn)
 m - a +0 ring mail (worn)
Scrolls
 e - 2 scrolls of remove curse {unknown}
 g - 2 scrolls of immolation {unknown}
 h - 3 scrolls of amnesia {unknown}
 k - a scroll of identify {unknown}
Potions
 d - 2 potions of curing {unknown}
 i - a potion of ambrosia {unknown}
 j - a potion of agility {unknown}
 l - a potion of degeneration {unknown}
 n - 2 potions of might {unknown}
Comestibles
 c - 8 rations


   Skills:
 + Level 4.8 Fighting
 + Level 5.1 Axes
 + Level 2.7 Armour
 + Level 3.1 Dodging
 + Level 0.3 Stealth


You had 3 spell levels left.
You didn't know any spells.

Dungeon Overview and Level Annotations

Branches:
Dungeon (3/15)

Altars:
Kikubaaqudgha

Annotations:
D:3 Grinder


Innate Abilities, Weirdness & Mutations

You reflexively headbutt those who attack you in melee.
You have a pair of horns on your head.


Message History

You feel somewhat more hungry. Grinder gestures at you.
You resist with almost no effort.
You see here a ring mail.
Grinder closely misses you.
You hit Grinder but do no damage.
Grinder is heavily wounded.
Grinder hits you.
You writhe in agony.
You slash Grinder!
Grinder is severely wounded.
Grinder hits you!
* * * LOW HITPOINT WARNING * * *
You writhe in agony.
* * * LOW HITPOINT WARNING * * *
You hit Grinder but do no damage.
Grinder is severely wounded.
Grinder hits you.
* * * LOW HITPOINT WARNING * * *
You writhe in agony.
You die...

#.# #..#.# # # #.#
#..#.# ###.#. #.#
#..#.#
...#.###.####
#..#.# ...........#
#..#
#.#.#.#.##.#####..#
#.#...÷.#..†.......
#....[.......###..#
#####@####........#
#5# #..5####.# #.#
##.## #.# ##.#
#.####..# #...5...#
#########


You could see Grinder.

Vanquished Creatures
  2 orc wizards (D:3)
  An adder (D:2)
  2 oozes
  A worm (D:2)
  A dart slug (D:1)
  2 leopard geckos
  An orc (D:3)
  7 bats
  A giant cockroach (D:1)
  4 hobgoblins (D:1)
  3 jackals (D:1)
  A quokka (D:3)
  2 frilled lizards
  6 goblins
  A jackal skeleton (D:2)
  6 kobolds
  7 rats
48 creatures vanquished.

Notes
Turn   | Place    | Note
-------+----------+-------------------------------------------
     0 | D:1      | Tippip the Minotaur Berserker began the quest for the Orb.
     0 | D:1      | Reached XP level 1. HP: 19/19 MP: 0/0
   142 | D:1      | Reached XP level 2. HP: 15/27 MP: 1/1
   204 | D:1      | Reached skill level 4 in Axes
   696 | D:1      | Reached XP level 3. HP: 27/33 MP: 2/2
   971 | D:2      | Reached ** piety under Trog
  1061 | D:2      | Found an ancient bone altar of Kikubaaqudgha.
  1581 | D:2      | Reached XP level 4. HP: 41/41 MP: 3/3
  1639 | D:3      | Reached skill level 5 in Axes
  1705 | D:3      | Noticed Grinder
  1705 | D:3      | Paralysed by Grinder for 5 turns
  1754 | D:3      | Slain by Grinder

Skill      XL: |  1  2  3  4 |
---------------+-------------+-----
Axes           | 4 5 |  5.1
Fighting       | 4 |  4.8
Dodging        | 3 |  3.1
Armour         | |  2.7
Stealth        | |  0.3

Action                   |  1- 3 |  4- 6 || total
-------------------------+-------+-------++-------
Melee: Hand axe          |    73 |    21 ||    94
       Headbutt          |     8 |     6 ||    14
Throw: Stone             |     3 |       ||     3
Invok: Burn Spellbooks   |       |     1 ||     1
       Trog's Hand       |       |     1 ||     1
  Eat: Chunk             |     1 |     1 ||     2
Armor: Animal skin       |    19 |       ||    19
       Ring mail         |     3 |     8 ||    11
Dodge: Dodged            |    60 |    17 ||    77
